Match 45889549
Unlisted

Match 45889549
End
Selects Luftwaffe Battlegroup
Selects Luftwaffe Pioneer Support
Fallschirmpioneer Squad Paradrop
Construct Infanterie Kompanie
MG 42 Machine Gun Team
MG 42 Machine Gun Team
Construct Luftwaffe Kompanie
Jäger Squad
Luftwaffe Officer Quarters
Jäger Squad
Jäger Squad
Selects Stuka Strafing Run
Jäger Squad
Selects Flak 38 Anti-Air Emplacement
Construct Panzer Kompanie
Stuka Strafing Run
Stuka Strafing Run
Stoßtruppen Squad
Medical Bunker
Sturmpanzer IV Brummbär
Stuka Strafing Run
Selects Flak 36 Anti-tank Gun Emplacement
Stuka Strafing Run
Panzer Officer Quarters
Stuka Strafing Run
Selects Fallschirmjäger Squad Paradrop
Selects Stuka Loiter
Stuka Loiter
Jäger Squad
Sturmpanzer IV Brummbär
Medical Bunker
Stuka Strafing Run
Stuka Strafing Run
飞行的猫先森
想吃豆芽菜
peace
DreAm
Jm200092
noob
100%eighty
pingping
0
0

Comments sign in to comment!

No comments posted yet!